 Dungeon Crawl Stone Soup version 0.31-a0-625-gc9c7e45f3f (webtiles) character file.

Game seed: 1851730634412774942

566 AdnanSaban the Cudgeller (level 7, -6/44 HPs)
             Began as a Gargoyle Fighter on Aug 24, 2023.
             Mangled by an ogre
             ... wielding a +0 giant club
              (25 damage)
             ... on level 5 of the Dungeon.
             The game lasted 00:02:32 (3156 turns).

AdnanSaban the Cudgeller (Gargoyle Fighter)         Turns: 3156, Time: 00:02:33

Health: -6/44      AC: 18    Str: 21    XL:     7   Next: 32%
Magic:  7/7        EV:  6    Int:  9    God:
Gold:   162        SH:  4    Dex:  9    Spells: 6/6 levels left

rFire   . . .        a - +0 flail
rCold   + . .        c - +0 buckler
rNeg    + . .        r - +0 plate armour
rPois   ∞            (no helmet)
rElec   +            u - +0 cloak
rCorr   .            (no gloves)
SInv    .            (no boots)
Will    .....        p - amulet of regeneration Stlth
                     e - ring of protection from cold
HPRegen 1.07/turn    (no ring)
MPRegen 0.10/turn

%: no passive effects
@: no status effects
A: sickness immunity, AC +4, negative energy resistance 1, electricity
resistance, torment resistance 1, petrification resistance
a: no special abilities


You were on level 5 of the Dungeon.
You visited 1 branch of the dungeon, and saw 5 of its levels.

You collected 162 gold pieces.

Inventory:

Hand Weapons
 a - a +0 flail (weapon)
Missiles
 k - 6 poisoned darts
 n - 4 atropa-tipped darts
 q - 4 boomerangs
Armour
 c - a +0 buckler (worn)
 r - a +0 plate armour (worn)
 u - a +0 cloak (worn)
Jewellery
 e - a ring of protection from cold (left hand)
 p - an amulet of regeneration (around neck)
Scrolls
 b - a scroll of vulnerability {unknown}
 f - a scroll of revelation {unknown}
 g - 4 scrolls of identify {unknown}
 i - a scroll of blinking {unknown}
 j - 2 scrolls of teleportation {unknown}
 o - a scroll of torment {unknown}
 t - a scroll of poison {unknown}
Potions
 d - 3 potions of might
 h - 3 potions of curing {unknown}
 l - a potion of lignification {unknown}
 m - a potion of resistance {unknown}
 s - 2 potions of heal wounds {unknown}


   Skills:
 + Level 4.7 Fighting
 + Level 5.3 Maces & Flails
 + Level 5.1 Armour
 + Level 0.6 Dodging
 + Level 0.1 Stealth
 + Level 4.4 Shields


You had 6 spell levels left.
You didn't know any spells.
Your spell library contained the following spells:

 Spells                   Type           Power      Damage    Failure   Level
 Ensorcelled Hibernation  Hex/Ice        0%         N/A       100%        2
 Passwall                 Tmut/Erth      0%         N/A       100%        2
 Portal Projectile        Hex/Tloc       0%         N/A       100%        3
 Swiftness                Air            0%         N/A       100%        3
 Tukima's Dance           Hex            0%         N/A       100%        3
 Iskenderun's Mystic Bla  Conj/Tloc      0%         2d3       100%        4
 Haunt                    Necr/Summ      0%         N/A       100%        7
 Borgnjor's Revivificati  Necr           0%         N/A       100%        8
 Death's Door             Necr           0%         N/A       100%        9


Dungeon Overview and Level Annotations

Branches:
Dungeon (5/15)
 Temple: D:4-7

Altars:
Sif Muna
Trog

Shops:
D:2 [   D:4 !


Innate Abilities, Weirdness & Mutations

You are immune to sickness and miasma.
Your stone body is resilient. (AC +4)
You are immune to poison.
You resist negative energy. (rN+)
You are resistant to electric shocks. (rElec)
You are resistant to unholy torment.
You are immune to petrification.


Message History

An ogre is nearby!
You are too injured to fight recklessly!
An ogre is nearby!
You are too injured to fight recklessly!
An ogre is nearby!
You are too injured to fight recklessly!
An ogre is nearby!
You are too injured to fight recklessly!
An ogre is nearby!
You are too injured to fight recklessly!
An ogre is nearby!
You are too injured to fight recklessly!
An ogre is nearby!
You are too injured to fight recklessly!
An ogre is nearby!
You are too injured to fight recklessly!
An ogre is nearby!
You are too injured to fight recklessly!
An ogre is nearby!
You are too injured to fight recklessly!
An ogre is nearby!
You are too injured to fight recklessly!
An ogre is nearby!
You are too injured to fight recklessly!
An ogre is nearby!
You are too injured to fight recklessly!
An ogre is nearby!
You are too injured to fight recklessly!
An ogre is nearby!
You are too injured to fight recklessly!
An ogre is nearby!
You are too injured to fight recklessly!
An ogre is nearby!
You are too injured to fight recklessly!
An ogre is nearby!
You are too injured to fight recklessly!
The ogre attacks as it pursues you!
The ogre hits you with a +0 giant club!!
Ouch! That really hurt!
You die...

..# #.# #.# #.###### #
#.#....# ##.#####
#.#....#
#......####)#....###
+......#.#.#.....#.#
#.....O@#.#.#.....#.#.
....#+#.#.#.#+....#.#.#.
. #.#.#.#.#.....#.#.#
#>#.#.#.#.....#.#.#
#.#.#.#.#.#.#+#.#.#
..#.#.#.#.#.#.#.#.#.
..#.#.#.#.#.#.#.#.#.#
...#.#.#.#.#.#.#.# #.#
.# #.#.#.#.#.#.#.# #.


You could see an ogre.

Vanquished Creatures
  A centaur (D:5)
  2 phantoms (D:4)
  A scorpion (D:4)
  A gnoll bouda (D:4)
  A sleepcap (D:5)
  An iguana (D:4)
  8 adders
  5 gnolls
  A shadow imp (D:4)
  A worm (D:2)
  3 dart slugs
  3 orcs
  8 endoplasms
  4 giant cockroaches
  5 goblins
  8 hobgoblins
  3 quokkas (D:4)
  3 ball pythons
  6 bats
  4 frilled lizards
  6 kobolds
  3 rats
78 creatures vanquished.

Vanquished Creatures (others)
  A wizard (D:4)
1 creature vanquished.

Grand Total: 79 creatures vanquished

Notes
Turn   | Place    | Note
-------+----------+-------------------------------------------
     0 | D:1      | AdnanSaban the Gargoyle Fighter began the quest for the
                  | Orb.
     0 | D:1      | Reached XP level 1. HP: 14/14 MP: 1/1
    75 | D:1      | Reached XP level 2. HP: 19/19 MP: 2/2
   461 | D:2      | Reached XP level 3. HP: 23/23 MP: 3/3
   590 | D:2      | Found a shimmering blue altar of Sif Muna.
   624 | D:2      | Reached XP level 4. HP: 29/29 MP: 4/4
   882 | D:2      | Found Dophugy's Armour Boutique.
  1672 | D:3      | Reached XP level 5. HP: 33/33 MP: 5/5
  2177 | D:4      | Found Fegewnit's Distillery.
  2376 | D:4      | Noticed a phantom
  2398 | D:4      | Killed a phantom
  2399 | D:4      | Reached XP level 6. HP: 38/38 MP: 6/6
  2599 | D:4      | Found a bloodstained altar of Trog.
  2600 | D:4      | Noticed a wizard
  2605 | D:4      | Killed a wizard
  2999 | D:5      | Entered Level 5 of the Dungeon
  3066 | D:4      | Reached skill level 5 in Armour
  3066 | D:4      | Reached XP level 7. HP: 37/44 MP: 7/7
  3112 | D:5      | Reached skill level 5 in Maces & Flails
  3156 | D:5      | Mangled by an ogre

Illustrated notes

Levels and vault maps discovered:
D:1:      tarquinn_simple_flora_water_c, layout_rooms
D:2:      layout_basic, serial_shops, nicolae_shop_tiny_waterfront, basic_altar,
          small_statue_intersection
D:3:      layout_loops_corners
D:4:      layout_loops_cross, trog_wizard, serial_shops,
          nicolae_shop_temple_entry_statues_fountains, minivault_11,
          chequers_jeans, st_stairs_8, serial_park_tiny_1,
          chequers_serial_rivers_micro_a, kennysheep_generic_room_2
D:5:      dreamdust_elfheim, layout_basic

Skill      XL: |  1  2  3  4  5  6  7 |
---------------+----------------------+-----
Maces & Flails | 3 4 5 |  5.3
Armour         | 4 5 |  5.1
Shields        | 4 |  4.4
Fighting       | 4 |  4.7
Dodging        | |  0.6
Stealth        | |  0.1

Action                     |  1- 3 |  4- 6 |  7- 9 || total
---------------------------+-------+-------+-------++-------
  Melee: Flail             |    73 |   204 |    38 ||   315
 Armour: Scale mail        |    43 |    12 |       ||    55
         Plate armour      |       |   125 |    33 ||   158
  Dodge: Dodged            |    35 |    65 |    12 ||   112
  Block: Buckler           |    17 |    51 |    14 ||    82

Table legend: (Time is in decaauts)
 A = Elapsed time spent in this place.
 B = Non-inter-level travel time spent in this place.
 C = Inter-level travel time spent in this place.
 D = Time resting spent in this place.
 E = Time spent auto-exploring this place.
 F = Levels seen in this place.
 G = Mean time per level.
                   A        B        C        D        E       F      G
               +--------+--------+--------+--------+--------+-----+--------+
         Total |   3237 |   2991 |    246 |     17 |   2266 |   5 |  647.4 |
       Dungeon |   3237 |   2991 |    246 |     17 |   2266 |   5 |  647.4 |
               +--------+--------+--------+--------+--------+-----+--------+

Top non-repeatable levels by time:
     D:4: 930 daAuts
     D:2: 870 daAuts
     D:3: 867 daAuts
     D:1: 469 daAuts
     D:5: 99 daAuts
